[ PARTIDA AOE2 · #465052040 ]
Team RMMongoles vs Inca
[ ANÁLISIS DE REPETICIÓN · EXTRAÍDO DE LA PARTIDA GRABADA ]
Feudal
—
Castillos
—
Imperial
—
| APM promedio | 28.6 |
| APM pico | 41 |
| eAPM promedio | 12.3 |
| Aldeanos / militares | 5 / 0 |
Foco
⚔️ 0.0% · 🌾 100.0%
Feudal
—
Castillos
—
Imperial
—
| APM promedio | 32.5 |
| APM pico | 43 |
| eAPM promedio | 18.0 |
| Aldeanos / militares | 6 / 0 |
Foco
⚔️ 13.3% · 🌾 86.7%
Feudal
—
Castillos
—
Imperial
—
| APM promedio | 23.6 |
| APM pico | 27 |
| eAPM promedio | 7.9 |
| Aldeanos / militares | 6 / 0 |
Foco
⚔️ 10.0% · 🌾 90.0%
Feudal
—
Castillos
—
Imperial
—
| APM promedio | 38.7 |
| APM pico | 43 |
| eAPM promedio | 19.1 |
| Aldeanos / militares | 15 / 0 |
Foco
⚔️ 0.0% · 🌾 100.0%
Feudal
—
Castillos
—
Imperial
—
| APM promedio | 38.2 |
| APM pico | 44 |
| eAPM promedio | 18.0 |
| Aldeanos / militares | 7 / 0 |
Foco
⚔️ 9.1% · 🌾 90.9%
Feudal
—
Castillos
—
Imperial
—
| APM promedio | 20.8 |
| APM pico | 30 |
| eAPM promedio | 12.3 |
| Aldeanos / militares | 6 / 0 |
Foco
⚔️ 33.3% · 🌾 66.7%
Feudal
—
Castillos
—
Imperial
—
| APM promedio | 70.7 |
| APM pico | 73 |
| eAPM promedio | 18.5 |
| Aldeanos / militares | 9 / 0 |
Foco
⚔️ 10.0% · 🌾 90.0%
Feudal
—
Castillos
—
Imperial
—
| APM promedio | 5.0 |
| APM pico | 8 |
| eAPM promedio | 5.0 |
| Aldeanos / militares | 0 / 0 |
Mapa de la partida
Recursos al inicio + cada clic de construcción. Línea gruesa = muro · recuadro discontinuo = muro de casas detectado. 🟡 oro · ⚪ piedra · 🟢 bayas · 🔶 jabalí · ⭕ reliquia
Inputs por minuto
— FoGGy - - Cranberry. D
Build order — FoGGy
7 acciones detectadas en el replay
| 0:01 | Crear | Villager (Male) |
| 0:02 | Crear | Villager (Male) |
| 0:04 | Construir | House |
| 0:06 | Construir | House |
| 0:44 | Crear | Villager (Male) |
| 0:44 | Crear | Villager (Male) |
| 0:45 | Crear | Villager (Male) |
Build order — Cranberry. D
9 acciones detectadas en el replay
| 0:01 | Crear | Villager (Male) |
| 0:01 | Crear | Villager (Male) |
| 0:02 | Crear | Villager (Male) |
| 0:03 | Construir | House |
| 0:05 | Construir | House |
| 0:17 | Investigar | Loom |
| 0:40 | Crear | Villager (Male) |
| 0:40 | Crear | Villager (Male) |
| 1:31 | Crear | Villager (Male) |
Build order — Acadia744
8 acciones detectadas en el replay
| 0:03 | Crear | Villager (Male) |
| 0:04 | Crear | Villager (Male) |
| 0:04 | Crear | Villager (Male) |
| 0:04 | Crear | Villager (Male) |
| 0:04 | Crear | Villager (Male) |
| 0:04 | Crear | Villager (Male) |
| 0:06 | Construir | House |
| 0:08 | Construir | House |
Build order — Noob RAM
18 acciones detectadas en el replay
| 0:01 | Crear | Villager (Male) |
| 0:01 | Crear | Villager (Male) |
| 0:01 | Crear | Villager (Male) |
| 0:01 | Crear | Villager (Male) |
| 0:01 | Crear | Villager (Male) |
| 0:01 | Crear | Villager (Male) |
| 0:01 | Crear | Villager (Male) |
| 0:01 | Crear | Villager (Male) |
| 0:01 | Crear | Villager (Male) |
| 0:05 | Construir | House |
| 0:06 | Construir | House |
| 1:24 | Crear | Villager (Male) |
| 1:24 | Crear | Villager (Male) |
| 1:24 | Crear | Villager (Male) |
| 1:24 | Crear | Villager (Male) |
| 1:24 | Crear | Villager (Male) |
| 1:24 | Crear | Villager (Male) |
| 1:27 | Investigar | Loom |
Build order — YenYen
9 acciones detectadas en el replay
| 0:01 | Crear | Villager (Male) |
| 0:01 | Crear | Villager (Male) |
| 0:03 | Construir | House |
| 0:04 | Construir | House |
| 0:20 | Crear | Villager (Male) |
| 0:20 | Crear | Villager (Male) |
| 0:20 | Crear | Villager (Male) |
| 1:31 | Crear | Villager (Male) |
| 1:32 | Crear | Villager (Male) |
Build order — 爱你老妈明天见
6 acciones detectadas en el replay
| 0:04 | Crear | Villager (Male) ×4 |
| 0:05 | Construir | House |
| 0:06 | Construir | House |
| 0:36 | Construir | Palisade Wall |
| 1:00 | Investigar | Loom |
| 1:01 | Crear | Villager (Male) ×2 |
Build order — 半时
13 acciones detectadas en el replay
| 0:01 | Crear | Villager (Male) |
| 0:01 | Crear | Villager (Male) |
| 0:03 | Construir | House |
| 0:05 | Construir | House |
| 0:21 | Crear | Villager (Male) |
| 0:27 | Investigar | Loom |
| 0:33 | Crear | Villager (Male) |
| 0:52 | Construir | Palisade Wall |
| 0:58 | Crear | Villager (Male) |
| 0:58 | Crear | Villager (Male) |
| 1:41 | Crear | Villager (Male) |
| 1:42 | Crear | Villager (Male) |
| 1:42 | Crear | Villager (Male) |
Build order — 我想直帝
0 acciones detectadas en el replay
Cronología de la partida
| 0:36 | 爱你老妈明天见 · wall_segment Palisade Wall x15 |
| 0:52 | 半时 · wall_segment Palisade Wall x5 |
| 1:24 | 我想直帝 · resign |
[ ANÁLISIS IA · 1 CRÉDITO ]
¿Qué pasó realmente en esta partida?
Wolo.gg analiza cada decisión: build order, eco, micro, errores típicos por bracket. Análisis personalizado por WhatsApp o Discord en 30 segundos.
Guía civ
Mongoles
Guía mapa
Black Forest
Perfil
FoGGy